cohdb
Replays
Latest Replays
All Replays
Popular Replays
Top Player Replays
Match Explorer
How It Works
Community
CoH3 Stats
Reddit
Sign in to upload your games and track your stats! →
Sign in with Steam
Match 42188369
Unlisted
Match 42188369
Overview
Messages
Build Orders
End
Construct Infanterie Kompanie
Selects Terror Battlegroup
Selects Machine Gun Camouflage
MG 42 Machine Gun Team
Kettenkrad Recon Vehicle
Grenadier Squad
MG 42 Machine Gun Team
MG 42 Bunker
Construct Luftwaffe Kompanie
Jäger Squad
Medical Station
Luftwaffe Officer Quarters
Jäger Squad
Selects No Quarter
Support Elements
Jäger Squad
Selects Contempt for the Weak
Kettenkrad Recon Vehicle
Marder III M Tank Destroyer
[EASY] Lance
lightfalcon
Unsafe
MtCassino
CrackSensation
BABAJAGA
0
0
Comments
sign in to comment!
No comments posted yet!